 Dungeon Crawl Stone Soup version 0.18-a0-1454-g5e6cd1e (webtiles) character file.

465919 SatanTheUgly the Executioner (level 24, -7/225 HPs)
             Began as a Hill Orc Fighter on Feb 28, 2016.
             Was the Champion of Ashenzari.
             Mangled by an ettin
             ... wielding a +0 dire flail
              (56 damage)
             ... on level 5 of the Vaults on Feb 29, 2016.
             The game lasted 05:33:37 (56837 turns).

SatanTheUgly the Executioner (Hill Orc Fighter)    Turns: 56837, Time: 05:33:37

Health: -7/225     AC: 43    Str: 30    XL:     24   Next: 57%
Magic:  31/40      EV:  9    Int: 22    God:    Ashenzari [******]
Gold:   3790       SH:  0    Dex: 13    Spells: 10 memorised, 2 levels left

rFire  + . .     SeeInvis +     a - +9 executioner's axe of Magnificence {freeze, Str+2 Int-2 Stlth+} (curse)
rCold  + . .     Gourm    .     A - +9 armour of the Dragon King {rPois rF+ rC+ MR+} (curse)
rNeg   . . .     Faith    .     (shield currently unavailable)
rPois  +         Spirit   .     W - +0 hat of Impermeability {Int+2} (curse)
rElec  .         Dismiss  .     N - +2 cloak {+Inv} (curse)
rCorr  .         Reflect  .     R - +2 pair of gloves {Dex+3} (curse)
SustAt .         Harm     .     l - +2 pair of boots (curse)
MR     ++...     Clarity  +     T - amulet of regeneration (curse)
Stlth  ..........               p - +5 ring of intelligence (curse)
                                g - +5 ring of intelligence (curse)

@: very resistant to hostile enchantments, extremely unstealthy
A: strong 1
a: Curse Item, Scrying, Transfer Knowledge, Renounce Religion, Evoke
Invisibility
}: 2/15 runes: decaying, gossamer


You were on level 5 of the Vaults.
You worshipped Ashenzari.
Ashenzari was exalted by your worship.
You were not hungry.

You visited 9 branches of the dungeon, and saw 47 of its levels.
You visited the Abyss 1 time.
You also visited: Sewer, Bailey and Ice Cave.

You collected 6420 gold pieces.
You spent 2630 gold pieces at shops.

Inventory:

Hand Weapons
 a - the cursed +9 executioner's axe of Magnificence (weapon) {freeze, Str+2 Int-2 Stlth+}
   (You acquired it on level 5 of the Lair of Beasts)

   It has been specially enchanted to freeze those struck by it, causing extra
   injury to most foes and up to half again as much damage against particularly
   susceptible opponents.
   It can also slow down cold-blooded creatures.
   It affects your strength (+2).
   It affects your intelligence (-2).
   It makes you more stealthy.
   It has a curse placed upon it.
Armour
 l - a cursed +2 pair of boots (worn)
 A - the cursed +9 armour of the Dragon King (worn) {rPois rF+ rC+ MR+}
   (You found it on level 4 of the Depths)

   It protects you from fire.
   It protects you from cold.
   It protects you from poison.
   It affects your resistance to hostile enchantments.
   It has a curse placed upon it.
 I - the +10 plate armour "Qoicvu" {Int+3}
   (You bought it in a shop on level 2 of the Orcish Mines)

   It affects your intelligence (+3).
 N - a cursed +2 cloak of invisibility (worn)
 R - a cursed +2 pair of gloves of dexterity (worn)
 W - the cursed +0 hat of Impermeability (worn) {Int+2}
   (You found it on level 3 of the Elven Halls)

   It affects your intelligence (+2).
   It has a curse placed upon it.
Jewellery
 b - an uncursed ring of poison resistance
 d - the cursed ring of Hejoguf {rC+ AC+2}
   (You bought it in a shop on level 8 of the Dungeon)

   [ring of protection]

   It affects your AC (+2).
   It protects you from cold.
   It has a curse placed upon it.
 g - a cursed +5 ring of intelligence (left hand)
 p - a cursed +5 ring of intelligence (right hand)
 w - an uncursed ring of protection from magic
 z - an uncursed ring of sustain attributes
 B - an uncursed ring of protection from fire
 C - a +3 ring of slaying
 G - an uncursed ring of positive energy
 M - a +5 ring of protection
 S - an uncursed ring of resist corrosion
 T - a cursed amulet of regeneration (around neck)
Wands
 t - a wand of teleportation (9/9)
 E - a wand of teleportation (9/9)
 H - a wand of digging (11/24)
 K - a wand of teleportation (9/9)
Scrolls
 e - 2 scrolls of fear
 h - 15 scrolls of teleportation
 o - 8 scrolls of blinking
 r - 5 scrolls of immolation
 s - 2 scrolls of torment
 v - 2 scrolls of holy word
 x - 4 scrolls of fog
 y - 2 scrolls of silence
 F - 2 scrolls of summoning
 O - 7 scrolls of amnesia
 P - a scroll of remove curse
 V - 16 scrolls of identify
 Y - 4 scrolls of magic mapping
Potions
 k - 3 potions of cure mutation
 n - 25 potions of curing
 q - 4 potions of magic
 D - a potion of brilliance
 J - 2 potions of resistance
 L - 3 potions of might
 U - 7 potions of lignification
 X - 6 potions of haste
Books
 j - a book of Power

   Spells                             Type                      Level
   a - Fulminant Prism                Conjuration/Hexes            4
   b - Iskenderun's Mystic Blast      Conjuration                  4
   c - Venom Bolt                     Conjuration/Poison           5
   d - Bolt of Magma                  Conjuration/Fire/Earth       5
   e - Iron Shot                      Conjuration/Earth            6
   f - Orb of Destruction             Conjuration                  7
   g - Spellforged Servitor           Conjuration/Summoning        7
 u - a book of Clouds

   Spells                             Type                      Level
   a - Mephitic Cloud                 Conjuration/Poison/Air       3
   b - Conjure Flame                  Conjuration/Fire             3
   c - Poisonous Cloud                Conjuration/Poison/Air       6
   d - Freezing Cloud                 Conjuration/Ice/Air          6
   e - Ring of Flames                 Charms/Fire                  7
Comestibles
 c - 3 chunks of flesh
 f - 24 bread rations
 m - 3 fruits
 Z - 10 royal jellies


   Skills:
 - Level 20.5 Fighting
 - Level 22.6(27) Axes
 + Level 14.7(20.0) Armour
 - Level 3.9 Dodging
   Level 3.2 Shields
 - Level 13.1 Spellcasting
 - Level 17.5(21.2) Conjurations
 + Level 6.1(10.6) Charms
 - Level 18.7(22.3) Fire Magic
 - Level 6.7(11.2) Ice Magic
 - Level 7.3(11.8) Air Magic
   Level 3.5(7.5) Earth Magic
 - Level 2.8(6.6) Evocations


You had 2 spell levels left.
You knew the following spells:

 Your Spells              Type           Power        Failure   Level  Hunger
a - Conjure Flame         Conj/Fire      #######.     0%          3    None
b - Iskenderun's Mystic   Conj           #######.     1%          4    None
c - Iskenderun's Battles  Conj/Chrm      ######..     1%          5    ###....
d - Fireball              Conj/Fire      #######...   1%          5    ###....
e - Bolt of Fire          Conj/Fire      #######...   1%          6    #####..
f - Ring of Flames        Chrm/Fire      ######....   47%         7    ######.
g - Mephitic Cloud        Conj/Pois/Air  ######..     1%          3    None
h - Apportation           Tloc           ###.......   38%         1    None
i - Orb of Destruction    Conj           #######...   8%          7    ######.
j - Freezing Cloud        Conj/Ice/Air   ######....   17%         6    #####..


Dungeon Overview and Level Annotations

Branches:
Dungeon (15/15)            Temple (1/1) D:4            Lair (8/8) D:8
  Swamp (4/4) Lair:3       Spider (4/4) Lair:5        Slime (0/6) Lair:7
    Orc (2/2) D:11            Elf (3/3) Orc:2        Vaults (5/5) D:13
  Crypt (0/3) Vaults:2     Depths (5/5) D:15            Zot (0/5) Depths:5

Altars:
Ashenzari
Cheibriados
Dithmenos
Elyvilon
Fedhas
Gozag
Kikubaaqudgha
Makhleb
Nemelex Xobeh
Okawaru
Pakellas
Qazlal
Ru
Sif Muna
Trog
Vehumet
Xom
Yredelemnul
Zin
The Shining One
Beogh

Shops:
D:8 *   D:10 =   Orc:1 [   Orc:2 (*:[   Elf:1 (   Elf:3 %(=*

Portals:
Hell: Depths:1 Depths:2 Depths:3 Depths:5
Abyss: Depths:2 Depths:5
Pandemonium: Depths:3 Depths:5
Trove: D:11 (give 6 potions of haste)

Annotations:
D:4 exclusion: downstairs
D:7 Pikel
D:8 exclusion: sensed monster (detected), Psyche
D:10 Erica
D:11 Phlounder's ghost, journeyman DrTm
Swamp:3 exclusion: 2 downstairs
Elf:2 3 runed doors, exclusions: 3 doors, 2 ice statues and 1 more exclusion
Vaults:2 exclusion: downstairs
Depths:1 exclusion: downstairs
Depths:2 exclusions: downstairs and 2 more exclusions, Mara
Depths:5 1 exclusion


Innate Abilities, Weirdness & Mutations

Your muscles are strong. (Str +2)


Message History

You hit the tengu reaver. You freeze the tengu reaver.
The tengu reaver is lightly wounded.
The ogre mage casts a spell.
The ogre mage blinks!
The fire crab barely misses you.
The fire crab claws you but does no damage.
The ettin hits you with a dire flail!
* * * LOW HITPOINT WARNING * * *
The ettin hits you but does no damage.
The quicksilver dragon bites you but does no damage.
The quicksilver dragon claws you but does no damage.
Drink which item? (? for menu, Esc to quit)
You feel much better.
The tengu reaver hits you but does no damage.
The tengu reaver barely misses you.
The tengu reaver claws you but does no damage.
The fire crab bites you but does no damage.
The fire crab closely misses you.
The quicksilver dragon breathes dispelling energy at you.
The bolt of dispelling energy hits you! The ettin hits you with a dire flail!!!
You die...

############
###########################
.............*.tQDp.......#
..........CCpp..@Cscp.C..p#
######################XC..#
.............{....{{{).{..#
##.................##{{#..#
###...............###))#{.#
.###.............###.{{#..#
..###...........###...{#{.#
...###....).)..###....{#{.#
....###..†....###......#Q.#


You could see a tentacled monstrosity, an ironheart preserver, 2 frost giants, a
quicksilver dragon, a vault warden, a tengu reaver, a yaktaur captain, a vault
guard, 3 ettins, a fire crab, an ironbrand convoker, a redback and a
battlesphere.

Vanquished Creatures
  Mennas (Vaults:2)
  Norris (Depths:3)
  Boris (Depths:4)
  Saint Roka (Depths:4)
  A profane servitor (Depths:1)
  2 golden dragons
  Nikola (Vaults:3)
  Jory (Vaults:2)
  4 liches
  A titan (Vaults:5)
  A quicksilver dragon (Depths:5)
  2 deep elf master archers (Elf:3)
  2 deep elf blademasters (Elf:3)
  6 sphinxes
  A tentacled starspawn (Abyss:2)
  3 storm dragons
  2 shadow dragons
  2 thorn hunters
  3 frost giants
  2 fire giants (Depths:1)
  3 tengu reavers
  Aizul (Depths:1)
  Donald (Vaults:3)
  Maud (Lair:8)
  8 deep elf sorcerers
  3 orc warlords
  4 ghost moths (Spider:4)
  11 vault wardens
  4 deep elf elementalists (Elf:3)
  12 stone giants
  2 emperor scorpions
  A reaper (Depths:5)
  10 ironheart preservers
  2 war gargoyles
  14 very ugly things
  2 spriggan defenders (Depths:1)
  6 deep elf demonologists (Elf:3)
  4 spark wasps
  The ghost of allbefore the Severer, a journeyman DsBe of Trog (Swamp:4)
  7 deep elf annihilators
  A purple draconian (Abyss:2)
  The ghost of Adalace the Warrior, a journeyman GrFi of Ru (D:13)
  An eidolon (Vaults:2)
  A dire elephant (shapeshifter) (Depths:4)
  2 pearl dragon zombies (Depths:1)
  3 deep elf death magi
  11 ettins
  A crystal guardian (Depths:4)
  A minotaur (shapeshifter) (Vaults:3)
  6 great orbs of eyes
  A merfolk impaler (Depths:2)
  13 ogre magi
  A deep elf high priest (Elf:3)
  11 fire dragons
  13 yaktaur captains
  24 vault guards
  The ghost of sugabear the Nimble, a journeyman DsGl of Dithmenos (Orc:2)
  4 ice dragons
  A hell beast (Depths:1)
  3 ghost crabs
  4 entropy weavers
  A monstrous demonspawn (Depths:5)
  37 hydras
  8 centaur warriors
  2 spriggan air magi (Depths:5)
  17 dancing weapons
  A death knight (Depths:1)
  2 deep troll shamans
  9 alligators
  A catoblepas (shapeshifter) (Depths:4)
  6 tengu warriors
  A queen ant (Lair:6)
  14 death yaks
  A vampire mage (Depths:1)
  6 deep troll earth magi
  A thrashing horror (Abyss:2)
  2 orc high priests
  A soul eater (Depths:1)
  8 spriggan berserkers
  3 hell hogs (Depths:1)
  Urug (D:12)
  Sonja (D:15)
  Nergalle (Orc:2)
  16 deep elf knights
  A storm dragon zombie (Vaults:2)
  2 storm dragon skeletons
  4 unseen horrors
  11 swamp dragons
  2 infernal demonspawn (Depths:5)
  4 giant orange brains
  16 deep elf archers
  2 lindwurms
  15 deep trolls
  A fire crab (Vaults:2)
  2 flayed ghosts
  11 orc knights
  17 harpies
  2 shambling mangroves (Swamp:4)
  4 wizards
  6 hill giants
  9 ironbrand convokers
  A mana viper (shapeshifter) (Vaults:5)
  9 necromancers
  2 phantasmal warriors
  11 griffons
  A wolf spider (shapeshifter) (Depths:4)
  11 orb spiders
  9 manticores (Depths:1)
  54 deep elf magi
  20 wolf spiders
  7 hornets
  A shadow dragon skeleton (Vaults:4)
  A stone giant zombie (Vaults:3)
  A moth of wrath (shapeshifter) (Depths:4)
  A tengu skeleton (Vaults:4)
  42 ugly things
  5 orc sorcerers
  2 large abominations (Abyss:2)
  5 cyclopes
  3 moths of wrath
  12 elephants
  4 apis skeletons (Depths:1)
  3 ice statues (IceCv)
  Joseph (D:8)
  Maurice (D:8)
  A rust devil (Depths:1)
  2 molten gargoyles (Depths:4)
  A guardian serpent (shapeshifter) (Depths:4)
  13 vault sentinels
  A smoke demon (Abyss:2)
  7 black mambas
  12 spiny frogs
  6 gargoyles
  6 torpor snails
  2 efreet
  A rime drake (shapeshifter) (Depths:1)
  8 ice devils (IceCv)
  7 komodo dragons
  7 freezing wraiths
  4 demonic crawlers
  9 rime drakes
  5 human zombies
  A red devil (Depths:5)
  51 yaktaurs
  6 human skeletons
  2 tengu conjurers
  A troll (shapeshifter) (Vaults:2)
  9 polar bears
  44 jumping spiders
  A queen bee (Spider:1)
  25 two-headed ogres
  9 trolls
  A wind drake (Depths:4)
  6 raiju
  40 slime creatures
  20 blink frogs
  9 giant leeches
  8 bog bodies
  9 boulder beetles
  A human simulacrum (Vaults:3)
  A stone giant simulacrum (Vaults:2)
  7 spriggans
  9 shadows
  8 air elementals
  2 wraiths
  48 redbacks
  21 tarantellas
  11 water elementals
  6 fire elementals
  A salamander simulacrum (Vaults:3)
  3 basilisks
  A tarantella (shapeshifter) (Depths:4)
  4 wyverns
  A hog (shapeshifter) (Vaults:2)
  A human (shapeshifter) (D:13)
  26 yaks
  A neqoxec (Abyss:2)
  5 hungry ghosts
  A chaos spawn (Abyss:2)
  10 hippogriffs
  40 vampire mosquitoes
  Menkaure (D:5)
  A deep troll zombie (Vaults:1)
  3 mottled dragons
  9 wolves (Lair:8)
  6 insubstantial wisps
  15 soldier ants
  20 swamp worms
  16 wargs
  26 water moccasins
  19 swamp drakes
  7 hell hounds
  11 porcupines
  5 phantoms
  An eye of draining (shapeshifter) (Vaults:3)
  50 orc warriors
  2 ettin simulacra
  15 black bears
  5 ice beasts
  2 sky beasts
  16 wasps
  An eye of draining (D:14)
  4 slaves
  57 ogres
  4 boggarts (Depths:2)
  14 crocodiles
  19 centaurs
  5 big kobolds
  A small abomination (Abyss:2)
  25 giant frogs
  3 earth elementals (Depths:4)
  2 gnoll sergeants
  A water moccasin zombie (D:5)
  6 scorpions
  22 killer bees
  A wight (Vaults:2)
  An electric eel (Lair:1)
  A vampire bat (D:9)
  12 crimson imps
  3 giant frog zombies
  2 howler monkeys
  A centaur zombie (D:8)
  A quasit (D:10)
  An iron imp (Depths:5)
  2 draconian simulacra (IceCv)
  21 hounds
  6 jellies
  20 orc priests
  4 centaur skeletons
  2 giant frog skeletons
  7 iguanas
  19 orc wizards
  3 troll simulacra (IceCv)
  A worker ant (shapeshifter) (Vaults:2)
  43 worker ants
  2 spriggan simulacra (IceCv)
  16 sheep
  A killer bee zombie (D:10)
  2 centaur simulacra (IceCv)
  A hound zombie (D:10)
  2 hound skeletons
  A worker ant zombie (D:5)
  A howler monkey zombie (D:6)
  Robin (D:4)
  28 gnolls
  2 howler monkey skeletons (D:7)
  36 adders
  An ogre simulacrum (IceCv)
  38 river rats
  5 shadow imps
  5 white imps
  4 ufetubi
  2 oozes
  A worm (D:2)
  2 adder skeletons
  A ball lightning (Depths:4)
  2 giant geckos
  125 orcs
  15 bats
  A bat skeleton (D:9)
  3 bat zombies (D:9)
  7 giant cockroaches
  36 goblins
  18 hobgoblins
  14 jackals
  5 quokkas
  A ball python (D:2)
  A giant gecko skeleton (D:5)
  A giant newt (D:5)
  25 kobolds
  2 quokka skeletons (D:4)
  19 rats
  4 briar patches (Swamp:1)
  A fire vortex (Vaults:2)
  9 fungi
  14 plants
  A starspawn tentacle (Abyss:2)
2238 creatures vanquished.

Vanquished Creatures (collateral kills)
  2 spark wasps (Spider:4)
  3 hornets (Spider:4)
  A moth of wrath (Spider:4)
  A plant (Lair:8)
7 creatures vanquished.

Vanquished Creatures (others)
  An ancient lich (Vaults:4)
  A deep elf elementalist (Elf:3)
  An unseen horror (shapeshifter) (Depths:4)
  A two-headed ogre (Vaults:3)
  4 air elementals
  A water elemental (Elf:3)
  2 ogres
  7 ball lightnings (Depths:4)
  2 briar patches (Swamp:1)
  A fire vortex (Vaults:2)
  39 fungi
  66 plants
  2 starspawn tentacles (Abyss:2)
  6 starspawn tentacle segments (Abyss:2)
  12 toadstools (Swamp:3)
146 creatures vanquished.

Grand Total: 2391 creatures vanquished

Notes
Turn   | Place    | Note
--------------------------------------------------------------
     0 | D:1      | SatanTheUgly the Hill Orc Fighter began the quest for the Orb.
     0 | D:1      | Reached XP level 1. HP: 19/19 MP: 1/1
   113 | D:1      | Reached skill level 3 in Axes
   241 | D:1      | Reached XP level 2. HP: 24/26 MP: 2/2
   480 | D:1      | Reached skill level 4 in Axes
   925 | D:2      | Reached XP level 3. HP: 31/31 MP: 3/3
  1158 | D:2      | Reached skill level 5 in Axes
  1574 | D:3      | Reached XP level 4. HP: 33/39 MP: 4/4
  1747 | D:3      | Reached skill level 6 in Axes
  2108 | D:3      | Reached XP level 5. HP: 41/45 MP: 5/5
  2212 | D:3      | Reached skill level 7 in Axes
  2627 | D:4      | Found a staircase to the Ecumenical Temple.
  2647 | Temple   | Entered the Ecumenical Temple
  2707 | Temple   | Became a worshipper of Ashenzari the Shackled
  2728 | D:4      | Found a deep blue altar of Sif Muna.
  2754 | D:4      | Reached skill level 8 in Axes
  2754 | D:4      | Reached XP level 6. HP: 40/51 MP: 6/6
  3000 | D:4      | Noticed a phantom
  3019 | D:4      | Reached skill level 9 in Axes
  3065 | D:4      | Killed a phantom
  3065 | D:4      | Reached XP level 7. HP: 50/57 MP: 7/7
  3322 | D:4      | Noticed Robin
  3341 | D:4      | Killed Robin
  3441 | D:4      | Reached * piety under Ashenzari
  3864 | D:5      | Entered Level 5 of the Dungeon
  3866 | D:5      | Noticed Menkaure
  3875 | D:5      | Killed Menkaure
  3875 | D:5      | Reached skill level 10 in Axes
  4076 | D:5      | Noticed Pikel
  4693 | D:5      | Reached skill level 5 in Armour
  4693 | D:5      | Reached XP level 8. HP: 37/64 MP: 8/8
  5402 | D:6      | Found a glowing drain.
  5436 | Sewer    | Entered a sewer
  5513 | Sewer    | Reached XP level 9. HP: 64/70 MP: 9/9
  5538 | Sewer    | Found a white marble altar of Elyvilon.
  5830 | D:6      | Found a shadowy altar of Dithmenos.
  5868 | D:6      | Found a shadowy altar of Dithmenos.
  6022 | D:6      | Reached skill level 10 in Armour
  6529 | D:7      | Found a stormy altar of Qazlal.
  6544 | D:7      | Found a white marble altar of Elyvilon.
  6706 | D:7      | Reached ** piety under Ashenzari
  6774 | D:7      | Found a shimmering altar of Xom.
  6788 | D:7      | Learned a level 1 spell: Flame Tongue
  6797 | D:7      | Found a snail-covered altar of Cheibriados.
  6999 | D:7      | Reached skill level 5 in Fighting
  7380 | D:8      | Found a burning altar of Makhleb.
  7393 | D:8      | Noticed Maurice
  7460 | D:8      | Noticed Psyche
  7650 | D:9      | Found an ancient bone altar of Kikubaaqudgha.
  7657 | D:9      | Reached XP level 10. HP: 86/86 MP: 10/10
  8436 | D:8      | Reached skill level 10 in Fighting
  8474 | D:8      | Reached skill level 11 in Axes
  9030 | D:10     | Entered Level 10 of the Dungeon
  9070 | D:10     | Found a flagged portal.
  9089 | Bailey   | Entered a bailey
  9176 | Bailey   | Reached skill level 1 in Fire Magic
  9237 | Bailey   | Reached skill level 12 in Axes
  9334 | Bailey   | Noticed an orc knight
  9374 | Bailey   | Killed an orc knight
  9374 | Bailey   | Reached XP level 11. HP: 66/99 MP: 11/11
  9533 | Bailey   | Noticed an orc knight
  9534 | Bailey   | Noticed an orc knight
  9534 | Bailey   | Noticed an orc warlord
  9560 | Bailey   | Noticed an orc knight
  9692 | D:10     | Reached skill level 16 in Axes
  9692 | D:10     | Reached XP level 12. HP: 106/106 MP: 12/12
  9827 | D:10     | Found Qohinen's Jewellery Shop.
  9842 | D:10     | Bought an uncursed ring of see invisible for 150 gold pieces
  9850 | D:10     | Noticed Erica
  9907 | D:8      | Found a glowing silver altar of Zin.
  9951 | D:8      | Noticed Joseph
  9971 | D:8      | Killed Joseph
  9971 | D:8      | Reached skill level 5 in Fire Magic
  9992 | D:8      | Identified a scroll of acquirement
 10092 | D:8      | Found Siasa's Assorted Antiques.
 10118 | D:8      | Bought a scroll of teleportation for 90 gold pieces
 10118 | D:8      | Bought a scroll of identify for 60 gold pieces
 10118 | D:8      | Bought a twitching brass ring for 150 gold pieces
 10118 | D:8      | Identified the ring of Hejoguf {rC+ AC+2} (You bought it in a shop on level 8 of the Dungeon)
 10200 | D:8      | Found a staircase to the Lair.
 10621 | D:10     | Gained mutation: Your muscles are strong. (Str +2) [potion of beneficial mutation]
 10948 | D:11     | Reached *** piety under Ashenzari
 10966 | D:11     | Noticed Phlounder's ghost (journeyman DrTm)
 11341 | D:8      | Killed Maurice
 11357 | Lair:1   | Entered Level 1 of the Lair of Beasts
 11601 | Lair:1   | Noticed a seven-headed hydra
 11780 | Lair:2   | Reached **** piety under Ashenzari
 12239 | Lair:3   | Reached skill level 1 in Conjurations
 12399 | Lair:3   | Noticed a seven-headed hydra
 12518 | Lair:3   | Found a staircase to the Swamp.
 12830 | Lair:4   | Noticed a death yak
 12855 | Lair:4   | Killed a death yak
 12872 | Lair:4   | Learned a level 2 spell: Throw Flame
 12906 | Lair:4   | Learned a level 3 spell: Conjure Flame
 12957 | Lair:4   | Reached ***** piety under Ashenzari
 13131 | Lair:4   | Noticed a death yak
 13196 | Lair:5   | Identified the cursed +9 executioner's axe of Magnificence {freeze, Str+2 Int-2 Stlth+} (You acquired it on level 5 of the Lair of Beasts)
 13208 | Lair:5   | Reached skill level 17 in Axes
 13208 | Lair:5   | Reached XP level 13. HP: 118/118 MP: 13/13
 13353 | Lair:4   | Reached skill level 5 in Conjurations
 13960 | Lair:6   | Reached skill level 1 in Spellcasting
 14225 | Lair:6   | Reduced skill Axes to level 16
 14243 | Lair:6   | Reached skill level 5 in Spellcasting
 14404 | Lair:6   | Reduced skill Axes to level 15
 15017 | Lair:7   | Reduced skill Axes to level 14
 15064 | Lair:7   | Reached XP level 14. HP: 128/130 MP: 26/26
 15068 | Lair:7   | Found a staircase to the Slime Pits.
 15382 | Lair:7   | Reduced skill Axes to level 13
 16063 | Lair:8   | Entered Level 8 of the Lair of Beasts
 16124 | Lair:8   | Noticed Maud
 16188 | Lair:8   | Reached skill level 14 in Axes
 16515 | Lair:8   | Learned a level 3 spell: Inner Flame
 16521 | Lair:8   | Learned a level 5 spell: Fireball
 16697 | Lair:8   | Identified Vesy's Papyrus of Protection (You found it on level 8 of the Lair of Beasts)
 16855 | Lair:8   | Reached skill level 10 in Spellcasting
 16967 | Lair:8   | Reached skill level 15 in Axes
 17363 | Lair:8   | Killed Maud
 17363 | Lair:8   | Reached skill level 16 in Axes
 17637 | Lair:8   | Reached XP level 15. HP: 127/138 MP: 24/29
 18194 | Lair:5   | Got the uncursed ring mail of the Special Dances {Dex+7}
 18303 | Lair:5   | Found a hole to the Spider Nest.
 19183 | Lair:1   | Reached skill level 1 in Evocations
 19431 | Lair:1   | Reached ****** piety under Ashenzari
 20387 | D:11     | Found a portal to a secret trove of treasure.
 20435 | D:11     | Found a staircase to the Orcish Mines.
 20471 | Orc:1    | Entered Level 1 of the Orcish Mines
 20548 | Orc:1    | Found a frozen archway.
 20571 | IceCv    | Entered an ice cave
 21199 | Orc:1    | Found a roughly hewn altar of Beogh.
 21255 | Orc:1    | Found Koimme's Antique Armour Emporium.
 21262 | Orc:1    | Bought a pair of embroidered gloves for 126 gold pieces
 21305 | Orc:1    | Paralysed by an orc sorcerer for 3 turns
 21453 | Orc:1    | Noticed an orc warlord
 21538 | Orc:2    | Entered Level 2 of the Orcish Mines
 21538 | Orc:2    | Noticed sugabear's ghost (journeyman DsGl)
 21552 | Orc:2    | Killed sugabear's ghost
 21684 | Orc:2    | Found Eciane's Book Boutique.
 21698 | Orc:2    | Noticed Nergalle
 21706 | Orc:2    | Noticed an orc warlord
 21757 | Orc:1    | Noticed an orc warlord
 21914 | Orc:1    | Killed an orc warlord
 21914 | Orc:1    | Reached skill level 15 in Fighting
 22037 | Orc:1    | Killed an orc warlord
 22373 | Orc:2    | Found a staircase to the Elven Halls.
 22577 | Orc:2    | Learned a level 3 spell: Mephitic Cloud
 22591 | Orc:2    | Reached XP level 16. HP: 142/149 MP: 30/30
 22807 | Orc:2    | Killed Nergalle
 23232 | Orc:2    | Found a roughly hewn altar of Beogh.
 23348 | Orc:2    | Found Laawy's General Store.
 23356 | Orc:2    | Bought a scroll of enchant armour for 97 gold pieces
 23357 | Orc:2    | Bought a scroll of identify for 26 gold pieces
 23460 | Orc:2    | Found Wucs's Antique Armour Boutique.
 23467 | Orc:2    | Bought a fine plate armour for 560 gold pieces
 23482 | Orc:2    | Identified the +10 plate armour "Qoicvu" {Int+3} (You bought it in a shop on level 2 of the Orcish Mines)
 23575 | Orc:2    | Found Wuphi's Antique Weapon Boutique.
 23733 | Orc:2    | Bought a book of Power for 630 gold pieces
 23738 | Orc:2    | Learned a level 4 spell: Iskenderun's Mystic Blast
 24544 | D:12     | Noticed Urug
 24565 | D:12     | Killed Urug
 24627 | D:13     | Noticed Adalace's ghost (journeyman GrFi)
 24636 | D:13     | Killed Adalace's ghost
 24749 | D:13     | Identified the +1 great sword of the Pill Bug {slice, rF+ rC+ Int+4}
 25094 | D:13     | Found a gate to the Vaults.
 26018 | D:15     | Entered Level 15 of the Dungeon
 26119 | D:15     | Found a staircase to the Depths.
 26718 | D:15     | Noticed Sonja
 26775 | D:15     | Killed Sonja
 27180 | Swamp:1  | Entered Level 1 of the Swamp
 27278 | Swamp:1  | Noticed a thorn hunter
 27614 | Swamp:1  | Killed a thorn hunter
 28031 | Swamp:1  | Reached skill level 10 in Conjurations
 28391 | Swamp:2  | Reached XP level 17. HP: 158/158 MP: 19/31
 28538 | Swamp:2  | Identified the +3 quarterstaff "Urezofegorr" {crush, SInv}
 28926 | Swamp:3  | Reached skill level 17 in Axes
 29841 | Swamp:4  | Entered Level 4 of the Swamp
 30194 | Swamp:4  | Reached skill level 18 in Axes
 30310 | Swamp:4  | Got a decaying rune of Zot
 30553 | Swamp:4  | Identified the +10 shortbow "Ruagam" {flame, rPois rC++ MR-}
 30620 | Swamp:4  | Noticed allbefore's ghost (journeyman DsBe)
 30633 | Swamp:4  | Killed allbefore's ghost
 31503 | Spider:1 | Entered Level 1 of the Spider Nest
 31875 | Spider:1 | Reached XP level 18. HP: 166/166 MP: 26/32
 32067 | Spider:1 | Reached skill level 19 in Axes
 32534 | Spider:2 | Reached skill level 1 in Dodging
 33768 | Spider:3 | Learned a level 5 spell: Bolt of Magma
 33850 | Spider:3 | Reached skill level 1 in Earth Magic
 34198 | Spider:4 | Entered Level 4 of the Spider Nest
 34472 | Spider:4 | Learned a level 5 spell: Iskenderun's Battlesphere
 35021 | Spider:4 | Reached skill level 10 in Fire Magic
 35434 | Spider:4 | Got a gossamer rune of Zot
 36037 | Elf:1    | Entered Level 1 of the Elven Halls
 36696 | Elf:1    | Found Eguu's Weapon Shoppe.
 36700 | Elf:1    | Reached skill level 1 in Charms
 36705 | Elf:1    | Reached XP level 19. HP: 174/174 MP: 12/33
 37261 | Elf:1    | Learned a level 7 spell: Orb of Destruction
 38484 | Elf:2    | Found a runed gate.
 38484 | Elf:2    | Found a runed gate.
 38484 | Elf:2    | Found a runed gate.
 38538 | Elf:3    | Entered Level 3 of the Elven Halls
 38588 | Elf:3    | Found a bloodstained altar of Trog.
 38773 | Elf:3    | Identified the +9 falchion of Muebepue {pain, rElec rC+ MR+}
 38892 | Elf:3    | Found Pefimi's Food Shop.
 38919 | Elf:3    | Found Mepp's Weapon Boutique.
 39005 | Elf:3    | Identified the +11 broad axe "Ifuxy" {vamp, *Drain rC+++ Dex+2}
 39153 | Elf:3    | Found Wuxaler's General Store.
 39419 | Elf:3    | Found Dappalit's Jewellery Shoppe.
 39735 | Elf:3    | Reached skill level 15 in Conjurations
 40385 | Elf:3    | Identified the +9 lajatang "Muov" {drain, rPois} (You took it off a deep elf annihilator on level 3 of the Elven Halls)
 40403 | Elf:3    | Cast into level 2 of the Abyss (a deep elf sorcerer)
 40642 | Abyss:2  | Reached XP level 20. HP: 178/189 MP: 32/34
 40781 | Elf:3    | Escaped the Abyss
 40806 | Elf:3    | Identified the +6 short sword of Guanwu {freeze, rF+ rC+ Str+4 Stlth-} (You took it off a deep elf elementalist on level 3 of the Elven Halls)
 41078 | Elf:3    | Learned a level 6 spell: Bolt of Fire
 41120 | Elf:3    | Identified the cursed +0 hat of Impermeability {Int+2}
 41170 | Elf:3    | Identified the Guide on the Mountains
 41241 | Elf:3    | Identified the Catalogue of Helpful Translocation (You found it on level 3 of the Elven Halls)
 41261 | Elf:3    | Learned a level 1 spell: Apportation
 41586 | Vaults:1 | Entered Level 1 of the Vaults
 42175 | Vaults:1 | Identified the +2 robe of Elyvilon's Generosity {+Blink Dex+7}
 42175 | Vaults:1 | Identified the +0 ring mail of the Special Dances {Dex+7} (You found it on level 5 of the Lair of Beasts)
 43285 | Vaults:2 | Reached skill level 20 in Axes
 43457 | Vaults:2 | Noticed Mennas
 43497 | Vaults:2 | Noticed Jory
 43782 | Vaults:2 | Found a staircase to the Crypt.
 44095 | Vaults:2 | Reached XP level 21. HP: 185/200 MP: 33/35
 44281 | Vaults:3 | Noticed Nikola
 44478 | Vaults:3 | Killed Nikola
 44478 | Vaults:3 | Reached skill level 15 in Fire Magic
 44671 | Vaults:3 | Identified the +7 arbalest of the Dark Horse {penet, +Inv rF+ Int+3}
 44694 | Vaults:3 | Noticed Donald
 44700 | Vaults:3 | Killed Donald
 45658 | Vaults:3 | Reached skill level 21 in Axes
 45686 | Vaults:3 | Learned a level 6 spell: Freezing Cloud
 46055 | Vaults:4 | Reached skill level 1 in Ice Magic
 46924 | Vaults:4 | Reached XP level 22. HP: 209/209 MP: 37/37
 47677 | Vaults:2 | Killed Mennas
 47677 | Vaults:2 | Reached skill level 1 in Air Magic
 47941 | Vaults:2 | Killed Jory
 48591 | Depths:1 | Entered Level 1 of the Depths
 48707 | Depths:1 | Noticed Aizul
 48720 | Depths:1 | Killed Aizul
 48774 | Depths:1 | Found a gateway to Hell.
 49508 | Depths:1 | Noticed a profane servitor
 49509 | Depths:1 | Found a basalt altar of Yredelemnul.
 49530 | Depths:1 | Killed a profane servitor
 49530 | Depths:1 | Reached skill level 22 in Axes
 49888 | Depths:2 | Noticed Mara
 50185 | Depths:2 | Identified the cursed +0 short sword "Imnez" {drain, rC- rN+ SInv Stlth+}
 50646 | Depths:2 | Reached skill level 5 in Air Magic
 50728 | Depths:3 | Noticed Norris
 50735 | Depths:2 | Found a one-way gate to the infinite horrors of the Abyss.
 51271 | Depths:3 | Reached XP level 23. HP: 215/215 MP: 27/39
 51781 | Depths:2 | Paralysed by a great orb of eyes for 2 turns
 51813 | Depths:1 | Upgraded the game from 0.18-a0-1435-gee79d65 to 0.18-a0-1454-g5e6cd1e
 52604 | Depths:2 | Paralysed by a sphinx for 3 turns
 52612 | Depths:2 | Paralysed by a sphinx for 3 turns
 52984 | Depths:3 | Identified the Guide on Blows and Bruises and Fire
 53076 | Depths:3 | Found a one-way gate leading to the halls of Pandemonium.
 53174 | Depths:3 | Killed Norris
 53643 | Depths:4 | Noticed Saint Roka
 53648 | Depths:4 | Noticed Boris
 53653 | Depths:4 | Killed Saint Roka
 53674 | Depths:4 | Killed Boris
 53674 | Depths:4 | Reached skill level 5 in Ice Magic
 54160 | Depths:4 | Noticed a caustic shrike
 54286 | Depths:4 | Identified Further Progress in Wizardry
 54294 | Depths:5 | Entered Level 5 of the Depths
 54371 | Depths:5 | Found a gate to the Realm of Zot.
 54371 | Depths:5 | Noticed a golden dragon
 54371 | Depths:5 | Noticed a golden dragon
 54442 | Depths:4 | Learned a level 7 spell: Ring of Flames
 54660 | Depths:4 | Identified the +10 flail of Risk Management {antimagic, Dex+6}
 54957 | Depths:5 | Reached XP level 24. HP: 190/225 MP: 40/40
 55714 | Elf:3    | Bought a +5 ring of intelligence for 741 gold pieces
 56144 | Vaults:5 | Entered Level 5 of the Vaults
 56144 | Vaults:5 | Identified the cursed +1 morningstar "Qiukhlis" {drain, rC++ Dex+4}
 56157 | Vaults:5 | Noticed an ancient lich
 56570 | Vaults:4 | Killed an ancient lich
 56612 | Vaults:5 | Reached skill level 5 in Charms
 56837 | Vaults:5 | Mangled by an ettin

Vault maps used:
D:1:      enne_arrival_octagon_isle, amethyst_killhole, corexii_corridor_pit
D:3:      first_bread
D:4:      nicolae_overflow_hidden_temple, minmay_temple_entry_purple_smoke,
          grunt_decor_fettered, uniq_robin
D:5:      forest_paths, serial_glass, glass_columns_c, glass_columns_a,
          uniq_pikel, uniq_menkaure
D:6:      marbit_many_paths, gup_sewer_entry_glass, minivault_4,
          nicolae_dithmenos_shadow_blocks
D:7:      grunt_temple_overflow_open, lemuel_doored_altar, cheibriados_altar_1
D:8:      bloody_makhleb, grunt_lair_entry_orc_guard_hut, serial_shops, shop,
          basic_altar, uniq_maurice, uniq_psyche, uniq_joseph
D:9:      kennysheep_vampire_church, the_bakery
D:10:     minmay_wavy_crystal, serial_shops, nicolae_shop_stone, enter_bailey_3,
          uniq_erica
D:11:     orc_0_dummy, enter_trove_5
D:12:     uniq_urug
D:13:     david_vaults_4
D:14:     minivault_26
D:15:     grunt_enter_depths_hoard, grunt_decor_resistance,
          minmay_misc_feat_tiny, uniq_sonja
Temple:   circular_temple_12
Lair:1:   lemuel_reptile_caves
Lair:3:   swamp_mist, wad_woods_river_04
Lair:4:   grunt_megastairs_2
Lair:5:   minmay_lair_venomous_thicket, spider_nest_entry_funnel_web
Lair:6:   zaba_anthell
Lair:7:   minmay_slime_entry_pillars, lemuel_fruit_fields
Lair:8:   hangedman_lair_in_review, hangedman_lair_caniforms_friends, uniq_maud
Swamp:1:  evilmike_swamp_ruin_house_6
Swamp:2:  infiniplex_staircase_pool, swamp_pool5, grunt_hermit_hut
Swamp:3:  cheibrodos_swamp_tower_of_moss, hangedman_swamp_cone, swamp_pool1,
          st_swamp_ruins_3
Swamp:4:  swamp_alternative, swamp_pool2
Spider:1: spider_trap, nicolae_looking_at_the_future
Spider:3: nicolae_spider_webbed_stairs
Spider:4: spider_rune_water
Orc:1:    basic_altar, portal_ice_cave_entry_pillars_02, serial_shops, shop,
          minmay_orc_treasury
Orc:2:    grunt_orc_cross
Elf:1:    eino_elf_arrival_customs, serial_shops, nicolae_shop_stone,
          hangedman_elven_crosses_minicolossus
Elf:2:    nicolae_elf_m_pinch, hangedman_research_thermodynamics
Elf:3:    elf_hall, serial_shops, shop, nicolae_shop_statue_plus, shop,
          nicolae_shop_crystal, columned_hall_lemuel,
          evilmike_spriggan_trog_shrine
Vaults:1: hangedman_vaults_stretched_pinwheel, nicolae_vaults_little_squares_6,
          v_alt_pattern_1, hangedman_vaults_corner, hangedman_vaults_impose,
          v_pattern_1, v_misc_11, nicolae_vaults_an_arrangement,
          dpeg_vaults_monster_row, vaults_room_semicircle,
          ontoclasm_vaults_ring_large, vaults_standard_mumra_x, v_misc_16
Vaults:2: serial_ice_b, minmay_crypt_entry_simple_round, ontoclasm_vaults_tryst,
          nicolae_vaults_what_the_h, nicolae_vaults_alarming,
          vaults_room_grunt_arrival_ludios, nicolae_vaults_rhombus_6, uniq_jory,
          uniq_mennas
Vaults:3: ontoclasm_vaults_hangar, vaults_room_corners, v_misc_8,
          vaults_dpeg_doors, nicolae_vaults_three_branches, v_alt_pattern_4,
          v_misc_14, ontoclasm_vaults_decontamination,
          hangedman_vaults_restitches, nicolae_vaults_yaktaur_gun_rack,
          vaults_room_door_ring, grunt_vaults_hallway_long, uniq_donald,
          uniq_nikola
Vaults:4: hangedman_vaults_trim, nicolae_vaults_big_ls, vaults_room_door_ring,
          v_alt_pattern_1, v_pattern_4, nicolae_vaults_puzzle_piece,
          hangedman_vaults_cutoff, vaults_mumra_lcd, vaults_mumra_minichess,
          ontoclasm_vaults_gateway, v_alt_pattern_3
Vaults:5: serial_shops, uniq_margery, uniq_wiglaf
Depths:1: grunt_mini_vestibule, hex_tiny, grunt_decor_clamped,
          hangedman_blasphemy, uniq_aizul
Depths:2: ragdoll_tomb_raider, fountainhead, pf_dread_powers_of_hell,
          abyss_entry, serial_bayou, serial_bayou_crossing,
          serial_bayou_shore_b, serial_bayou_lagoon_a, serial_bayou_ford_a,
          kennysheep_generic_room_5, infiniplex_staircase_pillars_1, uniq_mara
Depths:3: cheibrodos_lost_city_excavation, kennysheep_cluttered_room,
          grunt_hell_entry_dis_grunt, pan_entry, uniq_norris
Depths:4: radiant_caverns_b_rkd, hell_entry, abyss_entry, uniq_boris,
          uniq_saint_roka
Depths:5: grunt_zot_entry_alcove, abyss_entry, grunt_decor_cap,
          grunt_pan_entry_in_and_out, hell_entry, basic_stair_grate_trap
Sewer:    sewer_kobolds
Bailey:   bailey_axe_minmay_hex_keep, bailey
IceCv:    ice_cave_tombish

Skill      XL: |  1  2  3  4  5  6  7  8  9 10 11 12 13 14 15 16 17 18 19 20 21 22 23 24 |
---------------+-------------------------------------------------------------------------+-----
Axes           | 3 4 5 6 8 9 10 12 16 17 14 16 18 19 20 21 22 | 22.6
Armour         | 5 9 11 12 14 | 14.7
Fighting       | 7 10 12 13 14 15 16 18 19 20 | 20.5
Fire Magic     | 3 4 7 9 10 14 17 18 | 18.7
Conjurations   | 4 6 8 10 12 14 15 17 | 17.5
Spellcasting   | 8 10 11 12 13 | 13.1
Evocations     | 2 |  2.8
Dodging        | 3 |  3.9
Earth Magic    | 3 |  3.5
Charms         | 1 3 4 6 |  6.1
Ice Magic      | 3 6 |  6.7
Air Magic      | 5 7 |  7.3
Shields        | |  3.2

Action                   |  1- 3 |  4- 6 |  7- 9 | 10-12 | 13-15 | 16-18 | 19-21 | 22-24 || total
-------------------------+-------+-------+-------+-------+-------+-------+-------+-------++-------
Melee: War axe           |   107 |   192 |   473 |   421 |       |       |       |       ||  1193
       Battleaxe         |       |       |       |   260 |   275 |       |       |       ||   535
       Executioner's axe |       |       |       |       |   722 |  1004 |   921 |   824 ||  3471
Throw: Javelin           |       |       |       |     5 |       |       |       |       ||     5
 Cast: Throw Flame       |       |       |       |     3 |   204 |   120 |     2 |       ||   329
       Conjure Flame     |       |       |       |       |    30 |    32 |    16 |     9 ||    87
       Inner Flame       |       |       |       |       |     7 |     3 |       |       ||    10
       Iskenderun's Myst |       |       |       |       |       |   157 |    36 |    11 ||   204
       Fireball          |       |       |       |       |       |    45 |    30 |    38 ||   113
       Bolt of Magma     |       |       |       |       |       |     8 |    30 |       ||    38
       Mephitic Cloud    |       |       |       |       |       |     1 |     3 |     4 ||     8
       Iskenderun's Batt |       |       |       |       |       |       |     6 |     1 ||     7
       Bolt of Fire      |       |       |       |       |       |       |    61 |    72 ||   133
       Orb of Destructio |       |       |       |       |       |       |    11 |    16 ||    27
       Freezing Cloud    |       |       |       |       |       |       |       |    11 ||    11
       Ring of Flames    |       |       |       |       |       |       |       |     1 ||     1
Invok: Curse Item        |       |     1 |     4 |     2 |       |     2 |     2 |     4 ||    15
       Scrying           |       |       |     1 |     3 |     8 |     3 |    16 |    11 ||    42
       Transfer Knowledg |       |       |       |     1 |     1 |       |       |       ||     2
       End Transfer Know |       |       |       |       |     1 |       |       |       ||     1
 Abil: Evoke Invisibilit |       |       |       |       |       |       |       |     1 ||     1
Evoke: Wand              |       |       |       |       |     2 |     2 |     1 |       ||     5
  Use: Scroll            |     1 |     5 |     7 |    21 |    13 |    20 |    16 |    13 ||    96
       Potion            |       |       |     7 |     7 |     1 |       |     5 |    10 ||    30
 Stab: Confused          |       |       |       |       |       |     1 |     2 |       ||     3
       Distracted        |       |       |       |       |       |       |       |     2 ||     2
  Eat: Chunk             |     2 |     5 |     5 |    17 |    29 |    22 |    47 |    32 ||   159
       Meat ration       |       |       |     1 |     1 |     1 |     8 |     4 |     7 ||    22
       Fruit             |       |       |     1 |     1 |     1 |     9 |     2 |       ||    14
       Bread ration      |       |       |     1 |       |       |     1 |       |       ||     2
       Royal jelly       |       |       |       |     1 |       |     4 |     1 |     1 ||     7
       Beef jerky        |       |       |       |       |     4 |     3 |     5 |     1 ||    13
       Pizza             |       |       |       |       |     2 |       |     1 |     2 ||     5
